 Dungeon Crawl Stone Soup version 0.31.0-11-ge490571c62 (webtiles) character file.

Game seed: 10943511021585593139

233 qw the Shooter (level 5, 0/26 HPs)
             Began as a Spriggan Hunter on Feb 3, 2024.
             Slain by a bullfrog (3 damage)
             ... in a sewer.
             The game lasted 00:00:14 (2842 turns).

qw the Shooter (Spriggan Hunter)                    Turns: 2842, Time: 00:00:14

Health: 0/26       AC:  3    Str:  4    XL:     5   Next: 74%
Magic:  0/0        EV: 21    Int: 10    God:
Gold:   146        SH:  0    Dex: 21    Spells: 4/4 levels left

rFire   + . .        a - +0 shortbow
rCold   . . .        (shield currently unavailable)
rNeg    + + +        c - +0 robe
rPois   .            (helmet restricted)
rElec   .            i - +0 cloak
rCorr   .            (gloves unavailable)
SInv    +            (boots unavailable)
Will    .....        (no amulet)
Stlth   +++          d - ring of Watseb {rF+ rN+++ MP-9 Str-3 SInv Stlth+}
HPRegen 0.24/turn    (no ring)
MPRegen 0.07/turn

%: no passive effects
@: about to teleport, very quick
A: very small, no large weapons, unfitting armour, see invisible, speed 3
a: no special abilities


You were in a sewer.
You visited 1 branch of the dungeon, and saw 4 of its levels.
You also visited: Sewer.

You collected 188 gold pieces.
You spent 42 gold pieces at shops.


Innate Abilities, Weirdness & Mutations

You are very small and have problems with some larger weapons.
You are too small for most types of armour.
You have supernaturally acute eyesight. (SInv)
You cover ground extremely quickly. (Speed+++)


   Skills:
 - Level 2.2 Fighting
 + Level 5.6 Ranged Weapons
 - Level 5.5 Dodging
 - Level 1.5 Stealth


You had 4 spell levels left.
You didn't know any spells.
Your spell library was empty.

Inventory:

Hand Weapons
 a - a +0 shortbow (weapon)
Armour
 c - a +0 robe (worn)
 i - a +0 cloak (worn)
Jewellery
 d - the ring of Watseb (left hand) {rF+ rN+++ MP-9 Str-3 SInv Stlth+}
   (You acquired it on level 1 of the Dungeon)

   [ring of protection from fire]

   Str-3:     It affects your strength (-3).
   rF+:       It protects you from fire.
   rN+++:     It renders you almost immune to negative energy.
   MP-9:      It affects your magic capacity (-9).
   SInv:      It lets you see invisible.
   Stlth+:    It makes you more stealthy.
Scrolls
 f - a scroll of teleportation
Potions
 e - a potion of mutation
 g - a potion of enlightenment
 h - a potion of cancellation
 l - 2 potions of might

Dungeon Overview and Level Annotations

Branches:
Dungeon (4/15)              Sewer (1/1)
 Temple: D:4-7

Altars:
Gozag

Shops:
D:2 *


Message History

You enter the shallow water.
Moving in this stuff is going to be slow.
You see here a ball python corpse.
A bullfrog comes into view.
You shoot an arrow. The arrow hits the bullfrog.
The bullfrog croaks.
The bullfrog is lightly wounded.
A bullfrog comes into view.
You shoot an arrow. The bullfrog croaks.
The arrow hits the bullfrog.
The bullfrog is moderately wounded.
You shoot an arrow. The arrow closely misses the bullfrog.
The arrow barely misses the bullfrog.
You shoot an arrow. The arrow hits the bullfrog.
The bullfrog is moderately wounded.
The bullfrog closely misses you. The bullfrog barely misses you.
You shoot an arrow. The arrow barely misses the bullfrog.
The bullfrog hits you! The bullfrog misses you.
The bullfrog closely misses you. The bullfrog misses you.
You shoot an arrow. The arrow hits the bullfrog.
The bullfrog is severely wounded.
The bullfrog hits you but does no damage.
The bullfrog hits you!
You shoot an arrow. The arrow barely misses the bullfrog.
The bullfrog hits you. The bullfrog closely misses you.
The bullfrog completely misses you. The bullfrog misses you.
You shoot an arrow. The arrow closely misses the bullfrog.
The bullfrog closely misses you.
The bullfrog releases a deep croak.
The bullfrog completely misses you. The bullfrog hits you.
The bullfrog closely misses you.
2841 ||| READING 2 scrolls of teleportation.
As you read the scroll of teleportation, it crumbles to dust.
You feel strangely unstable. The bullfrog misses you.
The bullfrog closely misses you.
You shoot an arrow. The arrow hits the bullfrog!
You kill the bullfrog!
The bullfrog hits you.
You die...

~~.~.%......................##
~~~~~~~~~~~~~~~~~~~~~~~~~~~..#
~~~~~~~~~~~~~~~~~~~~~~~~~~~~.#
~~~~~%~~~~~~~~~~~~~~~~~~~~~~.#
~.~.........~~~~~~~~~~..~~~~.#
~#######~~~~~~~~~~~~~~~~.~~~.#
~# #~~~~~~~~~~~~~~~~~%.~~~.#
.# #~~~~~~~~~%~%~~~~~~~~~~.#
.# #~~~~~~~~~~F@~.~~~~~~~~~~#
~# #~~~~~~~~)~.~.~~~~~~~~~~~#
~# #~~~~~~.?[/~..~~~~~~~~~~~#
%# #~~~~~.~.)?%.~..~~~~~~~~~#
~# #~~~~~~~~.~~~..~~~~~~~~~.#
~# ##~~~~~~~~~~~.\~~~~#~~~~~#
~# ~~~~~~~~~~~~~##~~~~~# ~#
~~~~~~~~~~~####~~~~.# ~#
~~~~### #~~~~.#


You could see a bullfrog.

Vanquished Creatures
  A bullfrog (Sewer)
  A bombardier beetle (D:4)
  A jelly (D:4)
  5 adders
  A ribbon worm (D:2)
  8 dart slugs
  3 orcs
  7 endoplasms
  12 giant cockroaches
  8 goblins
  6 hobgoblins
  6 jackals
  5 kobolds
  3 quokkas
  16 ball pythons
  7 bats
  8 frilled lizards
  6 rats
  A spectral goblin (D:3)
105 creatures vanquished.

Notes
Turn   | Place    | Note
-------+----------+-------------------------------------------
     0 | D:1      | qw the Spriggan Hunter began the quest for the Orb.
     0 | D:1      | Reached XP level 1. HP: 10/10 MP: 2/2
     0 | D:1      | 0 ||| qw: Version: 0.3-a-157-g843a77d
     0 | D:1      | 0 ||| qw: Game counter: 3648
     0 | D:1      | 0 ||| qw: Melee chars always use a shield: true
     0 | D:1      | 0 ||| qw: God list: Okawaru
     0 | D:1      | 0 ||| qw: Allow faded altars: false
     0 | D:1      | 0 ||| qw: Do Orc after clearing Dungeon:15 true
     0 | D:1      | 0 ||| qw: Do second Lair branch before Depths: true
     0 | D:1      | 0 ||| qw: Lair rune preference: random
     0 | D:1      | 0 ||| qw: Goals: Normal
     0 | D:1      | 0 ||| PLANNING D:1-11
    23 | D:1      | Reached skill level 3 in Dodging
    57 | D:1      | HP: 1/10 [frozen (5)]
   137 | D:1      | Reached XP level 2. HP: 14/14 MP: 3/3
   344 | D:1      | Reached XP level 3. HP: 18/18 MP: 4/4
   466 | D:1      | 466 ||| UPGRADING to +0 cloak.
   471 | D:1      | 471 ||| READING 2 scrolls labelled HEJYEL JIUC.
   471 | D:1      | 471 ||| IDENTIFYING fuming green potion
   472 | D:1      | 472 ||| READING scroll of identify.
   472 | D:1      | 472 ||| IDENTIFYING glowing silvery potion
   473 | D:1      | 473 ||| READING 3 scrolls labelled ORCHEO KYSTRU.
   477 | D:1      | 477 ||| READING scroll labelled VEISUBUYCA.
   477 | D:1      | Identified a scroll of acquirement
   477 | D:1      | 477 ||| ACQUIRING ring of Watseb {rF+ rN+++ MP-9 Str-3 SInv
                  | Stlth+}
   477 | D:1      | Acquired the ring of Watseb {rF+ rN+++ MP-9 Str-3 SInv
                  | Stlth+}
   479 | D:1      | 479 ||| UPGRADING to ring of Watseb {rF+ rN+++ MP-9 Str-3
                  | SInv Stlth+}.
   480 | D:1      | 480 ||| READING scroll labelled ERYPSUNWEUPA.
   501 | D:1      | 501 ||| DROPPING scroll of butterflies.
   502 | D:1      | 502 ||| DROPPING potion of brilliance.
   776 | D:2      | Found Aghiur's General Store.
   787 | D:2      | 787 ||| BUYING scroll of teleportation (42 gold).
   787 | D:2      | Bought a scroll of teleportation for 42 gold pieces
  1320 | D:2      | 1320 ||| READING scroll of identify.
  1320 | D:2      | 1320 ||| IDENTIFYING viscous blue potion
  1321 | D:2      | 1321 ||| READING scroll labelled ZUIFROU QIMEHO.
  1322 | D:2      | 1322 ||| READING scroll labelled ODATIV ZAONOKI.
  1323 | D:2      | 1323 ||| DRINKING 2 pink potions.
  1353 | D:3      | Reached XP level 4. HP: 22/22 MP: 0/5
  1423 | D:3      | Found an opulent altar of Gozag.
  1490 | D:3      | Found a faded altar of an unknown god.
  2232 | D:3      | 2232 ||| READING scroll of identify.
  2232 | D:3      | 2232 ||| IDENTIFYING dark potion
  2233 | D:3      | 2233 ||| DRINKING 2 lumpy brown potions.
  2234 | D:3      | 2234 ||| DRINKING 2 sedimented golden potions.
  2235 | D:3      | 2235 ||| DROPPING potion of attraction.
  2263 | D:4      | 2263 ||| PLANNING SEWER
  2432 | D:4      | Reached XP level 5. HP: 18/25 MP: 0/6
  2498 | D:4      | Found a glowing drain.
  2508 | D:4      | 2508 ||| READING 2 scrolls of identify.
  2508 | D:4      | 2508 ||| IDENTIFYING sedimented sapphire potion
  2509 | D:4      | 2509 ||| READING scroll of identify.
  2509 | D:4      | 2509 ||| IDENTIFYING yellow potion
  2510 | D:4      | 2510 ||| READING scroll labelled ROHYSTO WOUTZ.
  2511 | D:4      | 2511 ||| DROPPING potion of lignification.
  2512 | D:4      | 2512 ||| DROPPING potion of degeneration.
  2535 | D:4      | HP: 5/26 [poisoned by an adder]
  2536 | D:4      | 2536 ||| READING 3 scrolls of teleportation.
  2537 | D:4      | 2537 ||| DRINKING potion of heal wounds.
  2592 | Sewer    | Entered a sewer
  2840 | Sewer    | HP: 3/26 [bullfrog (6)]
  2841 | Sewer    | 2841 ||| READING 2 scrolls of teleportation.
  2842 | Sewer    | Slain by a bullfrog

Levels and vault maps discovered:
D:1:      scummos_arrival_star, layout_rooms
D:2:      layout_basic, serial_shops, nicolae_shop_gibbet_a_chance,
          minmay_close_crescents
D:3:      layout_loops_corners, nicolae_gozag_cash_rules_everything_around_me,
          serial_rivers, chequers_serial_rivers_large_b,
          chequers_serial_rivers_micro_a, chequers_serial_rivers_small_3,
          chequers_serial_rivers_micro_e,
          dreamdust_ecumenical_altar_drowned_temple
D:4:      layout_gridville, gup_sewer_entry_glass, hangedman_decor_lopped,
          st_stairs_9, ldierk_geyser
Sewer:    sewer_frog_island_01

Skill      XL: |  1  2  3  4  5 |
---------------+----------------+-----
Dodging        | 3 4 5 |  5.5
Ranged Weapons | 5 |  5.6
Fighting       | 2 |  2.2
Stealth        | |  1.5

Action                     |  1- 3 |  4- 6 || total
---------------------------+-------+-------++-------
   Fire: Shortbow          |   138 |   178 ||   316
    Use: Scroll            |     8 |     6 ||    14
         Potion            |     1 |     3 ||     4
 Armour: Robe              |    12 |    24 ||    36
  Dodge: Dodged            |    52 |    66 ||   118

Table legend:
 A = Non-vault XP
 B = Vault XP
 C = Vault XP percentage of total XP
 D = Non-vault monster count
 E = Vault monster count
 F = Vault count percentage of total count
                 A         B        C        D         E       F
            +---------+---------+-------+---------+---------+-------
      Total |     235 |     179 |  43.2 |      74 |      31 |  29.5
            +---------+---------+-------+---------+---------+-------
        D:1 |      44 |       0 |   0.0 |      26 |       0 |   0.0
        D:2 |      31 |      20 |  39.2 |      18 |       4 |  18.2
        D:3 |      48 |       1 |   2.0 |      20 |       1 |   4.8
        D:4 |     112 |      15 |  11.8 |      10 |       2 |  16.7
      Sewer |       0 |     143 | 100.0 |       0 |      24 | 100.0
            +---------+---------+-------+---------+---------+-------
